cohdb
Replays
Latest Replays
All Replays
Popular Replays
Top Player Replays
Match Explorer
How It Works
Community
CoH3 Stats
Reddit
Sign in to upload your games and track your stats! →
Sign in with Steam
Match 44150336
Unlisted
Match 44150336
Overview
Messages
Build Orders
End
Selects Italian Combined Arms Battlegroup
Selects Bersaglieri Squad
Bersaglieri Squad
Kradschützen Motorcycle Team
Panzerpioneer Squad
Bersaglieri Squad
Bersaglieri Squad
Construct Light Support Kompanie
Construct Mechanized Kompanie
Selects Bersaglieri Bolster
8 Rad Armored Car
2.5-tonne Medical Truck
Selects Breda Model 30 Light Machine Guns
8 Rad Armored Car
Vehicle Survival Package
Veteran Squad Leaders
Selects Semovente da 75/18 Assault Gun
Construct Panzerarmee Kommand
Selects Strafing Run
Selects Artillery Cover
Panzer III L Medium Tank
Emergency Repair Kits
Panzer III L Medium Tank
Artillery Cover
Tungsten Core Ammunition
Artillery Cover
Flak 36 Anti-tank Gun Team
Symbiosis
*Mule
[0w0]ClaudiaEnfield
⚓️Ruby⚓
0
0
Comments
sign in to comment!
No comments posted yet!